 Dungeon Crawl Stone Soup version 0.20-a0-493-g19c8d8d (webtiles) character file.

150 nono the Covered (level 5, -1/35 HPs)
             Began as a Halfling Fighter on Jan 17, 2017.
             Slain by a gnoll
             ... wielding a +0 flail
              (3 damage)
             ... on level 3 of the Dungeon.
             The game lasted 00:03:56 (1940 turns).

nono the Covered (Halfling Fighter)                 Turns: 1940, Time: 00:03:57

Health: -1/35      AC:  7    Str: 17    XL:     5   Next: 58%
Magic:  5/5        EV:  9    Int:  7    God:
Gold:   59         SH: 10    Dex: 14    Spells: 4/4 levels left

rFire    . . .     SeeInvis .   a - +0 long sword
rCold    . . .     Gourm    .   b - +0 scale mail
rNeg     + . .     Faith    .   c - +0 shield
rPois    .         Spirit   .   (no helmet)
rElec    .         Reflect  .   (no cloak)
rCorr    .         Harm     .   (no gloves)
MR       .....                  (no boots)
Stlth    ..........             (no amulet)
Regen    0.2/turn               (no ring)
                                i - ring of positive energy

@: no status effects
A: mutation resistance 1
a: no special abilities


You were on level 3 of the Dungeon.
You were hungry.

You visited 1 branch of the dungeon, and saw 4 of its levels.

You collected 59 gold pieces.

Inventory:

Hand Weapons
 a - a +0 long sword (weapon)
 e - a +0 dagger
Armour
 b - a +0 scale mail (worn)
 c - a +0 shield (worn)
Jewellery
 i - a ring of positive energy (left hand)
Scrolls
 g - 2 scrolls of identify {unknown}
 h - a scroll of fog {unknown}
 j - a scroll of random uselessness {unknown}
 l - 2 scrolls of remove curse {unknown}
 o - a scroll of enchant weapon {unknown}
Potions
 d - 2 potions of might
 m - a potion of curing {unknown}
 n - a potion of heal wounds {unknown}
Comestibles
 f - 3 bread rations


   Skills:
 - Level 2.6 Fighting
 + Level 3.5 Long Blades
 + Level 4.5 Armour
 + Level 4.4 Shields


You had 4 spell levels left.
You didn't know any spells.

Dungeon Overview and Level Annotations

Branches:
Dungeon (4/15)
 Temple: D:4-7

Altars:
Elyvilon
Fedhas
Gozag
Nemelex Xobeh
Okawaru
Yredelemnul

Annotations:
D:4 nono's ghost, amateur HaFi


Innate Abilities, Weirdness & Mutations

You are small and have problems with some larger weapons.
You are somewhat resistant to further mutation.


Message History

You hit the gnoll.
The gnoll is moderately wounded.
The gnoll hits you with a flail.
* * * LOW HITPOINT WARNING * * *
The gnoll hits you but does no damage.
All of the chunks of flesh in your inventory have rotted away.
There is a stone staircase leading down here.
You climb downwards.
Nono's ghost (amateur Halfling Fighter) comes into view.
Found an opal ring and 2 orange potions.
There is a stone staircase leading up here.
You climb upwards.
The gnoll barely misses you. The gnoll hits you but does no damage.
There is a stone staircase leading down here.
You hit the gnoll but do no damage.
The gnoll is moderately wounded.
The gnoll hits you with a flail!
* * * LOW HITPOINT WARNING * * *
The gnoll hits you with a flail.
You die...

#############.#
..............#
#############.#
#.# ## #.#
.############.####
.'..............>#
.####.#######.##g#
.# #.# #.##@# .#
#.# #.##.#
#####.#######.##.#
..............##.#
#####.##########.#
##.### #.# #
#....# #.# #
#....# #.# #
#....# #.#


You could see a gnoll.

Vanquished Creatures
  6 gnolls
  3 adders
  2 oozes
  2 worms (D:2)
  A dart slug (D:1)
  A leopard gecko (D:3)
  A giant cockroach (D:1)
  9 goblins
  A hobgoblin (D:1)
  6 jackals (D:1)
  11 kobolds
  A ball python (D:1)
  5 bats
  A rat (D:2)
50 creatures vanquished.

Notes
Turn   | Place    | Note
-------+----------+-------------------------------------------
     0 | D:1      | nono the Halfling Fighter began the quest for the Orb.
     0 | D:1      | Reached XP level 1. HP: 15/15 MP: 1/1
   101 | D:1      | Found an iron altar of Okawaru.
   106 | D:1      | Reached XP level 2. HP: 18/20 MP: 2/2
   259 | D:1      | Reached XP level 3. HP: 22/25 MP: 3/3
   682 | D:2      | Found a blossoming altar of Fedhas.
   685 | D:2      | Found an opulent altar of Gozag.
   686 | D:2      | Found a white marble altar of Elyvilon.
   690 | D:2      | Found a basalt altar of Yredelemnul.
   692 | D:2      | Found an iron altar of Okawaru.
   753 | D:2      | Reached XP level 4. HP: 30/30 MP: 4/4
   790 | D:2      | Found a sparkling altar of Nemelex Xobeh.
  1086 | D:2      | Found a faded altar of an unknown god.
  1328 | D:2      | Reached XP level 5. HP: 12/35 MP: 5/5
  1935 | D:4      | Noticed nono's ghost (amateur HaFi)
  1940 | D:3      | Slain by a gnoll

Vault maps used:
D:1:      evilmike_arrival_crescent, okawaru_ov_weapons_minmay
D:2:      minitemple, chequers_ecumenical_altar_lobes,
          nemelex_diamond_rough_becter
D:3:      tgw_kikubaaqudgha, uniq_jessica
D:4:      wad_pebble_path, minmay_ruined_shrine

Skill      XL: |  1  2  3  4 |
---------------+-------------+-----
Shields        | 4 |  4.4
Armour         | 4 |  4.5
Long Blades    | 3 |  3.5
Fighting       | |  2.6

Action                   |  1- 3 |  4- 6 || total
-------------------------+-------+-------++-------
Melee: Long sword        |    79 |    92 ||   171
  Eat: Chunk             |       |     3 ||     3
Armor: Scale mail        |    35 |    23 ||    58
Dodge: Dodged            |    28 |    27 ||    55
Block: Shield            |    45 |    46 ||    91
       Rpst.: Long sword |    10 |     6 ||    16
